| TOP OF THE 1ST |
|
Atlanta (MID) Braves batting - Pitching for South Bend Cubs : LHP Jose Urena
|
|
Pitching: LHP Jose Urena
|
|
|
Batting: RHB Toki Takeuchi
|
0-0: Called Strike 0-1: Ball 1-1: Ball 2-1: Called Strike 2-2: DOUBLE (Line Drive, 8LD, EV 110.0 MPH)
|
|
Batting: RHB Joe Young
|
0-0: 2-RUN HOME RUN (Flyball, 9D, EV 98.8 MPH), Distance : 391 ft
|
|
Batting: RHB Jose Ramos
|
0-0: Ground out 5-3 (Groundball, 5S, EV 69.4 MPH)
|
|
Batting: LHB Ben Goldstein
|
0-0: Swinging Strike 0-1: Swinging Strike 0-2: Ball 1-2: Ground out U3 (Groundball, 3, EV 86.2 MPH)
|
|
Batting: RHB Brandon Burrell
|
0-0: Ball 1-0: Ground out 4-3 (Groundball, 4, EV 78.1 MPH)
|
| Top of the 1st over - 2 runs, 2 hits, 0 errors, 0 left on base; Atlanta (MID) 2 - South Bend 0 |
| BOTTOM OF THE 1ST |
|
South Bend Cubs batting - Pitching for Atlanta (MID) Braves : LHP Matthew Spurrell
|
|
Pitching: LHP Matthew Spurrell
|
|
|
Batting: RHB Leonardo Nava
|
0-0: Called Strike 0-1: Ball 1-1: Ball 2-1: Called Strike 2-2: Ball 3-2: Base on Balls
|
|
Batting: RHB Mike Savage
|
0-0: Grounds into double play, 6-4-3 (Groundball, 6, EV 85.0 MPH)
|
|
Batting: RHB Jose Balderrama
|
0-0: Called Strike 0-1: Foul Ball, location: 2F 0-2: Ball 1-2: Ball 2-2: Foul Ball, location: 2F 2-2: Strikes out swinging
|
| Bottom of the 1st over - 0 runs, 0 hits, 0 errors, 0 left on base; Atlanta (MID) 2 - South Bend 0 |
| TOP OF THE 2ND |
|
Atlanta (MID) Braves batting - Pitching for South Bend Cubs : LHP Jose Urena
|
|
Batting: RHB Badr al Din Ridha
|
0-0: Called Strike 0-1: Ball 1-1: Foul Ball, location: 2F 1-2: Foul Ball, location: 2F 1-2: Strikes out looking
|
|
Batting: RHB Ingidayehu Lagat
|
0-0: Ball 1-0: Foul Ball, location: 2F 1-1: Called Strike 1-2: Strikes out swinging
|
|
Batting: RHB David Zelaya
|
0-0: DOUBLE (Line Drive, 78XD, EV 103.8 MPH)
|
|
Batting: SHB Ian Arlotta
|
0-0: Ball 1-0: Ground out 6-3 (Groundball, 6, EV 83.1 MPH)
|
| Top of the 2nd over - 0 runs, 1 hit, 0 errors, 1 left on base; Atlanta (MID) 2 - South Bend 0 |
| BOTTOM OF THE 2ND |
|
South Bend Cubs batting - Pitching for Atlanta (MID) Braves : LHP Matthew Spurrell
|
|
Batting: SHB Gabriel Cruz
|
0-0: Ball 1-0: Ball 2-0: Fly out, F4 (Popup, 4D, EV 55.6 MPH)
|
|
Batting: RHB Armando Vilano
|
0-0: Ball 1-0: Called Strike 1-1: Foul Ball, location: 2F 1-2: Ground out 2-3 (Groundball, 2L, EV 72.5 MPH)
|
|
Batting: LHB Angel Oropeza
|
0-0: Swinging Strike 0-1: Ball 1-1: Foul Ball, location: 2F 1-2: Strikes out looking
|
| Bottom of the 2nd over - 0 runs, 0 hits, 0 errors, 0 left on base; Atlanta (MID) 2 - South Bend 0 |
| TOP OF THE 3RD |
|
Atlanta (MID) Braves batting - Pitching for South Bend Cubs : LHP Jose Urena
|
|
Batting: RHB Toki Takeuchi
|
0-0: Called Strike 0-1: Ground out 6-3 (Groundball, 6, EV 85.0 MPH)
|
|
Batting: RHB Joe Young
|
0-0: Ball 1-0: Ball 2-0: Swinging Strike 2-1: Ball 3-1: Base on Balls
|
|
Batting: RHB Jose Ramos
|
0-0: Ball Joe Young is caught stealing 2nd base 2-4 1-0: Called Strike 1-1: Ball 2-1: Called Strike 2-2: Ground out 3-1 (Groundball, 34S, EV 86.2 MPH)
|
| Top of the 3rd over - 0 runs, 0 hits, 0 errors, 0 left on base; Atlanta (MID) 2 - South Bend 0 |
| BOTTOM OF THE 3RD |
|
South Bend Cubs batting - Pitching for Atlanta (MID) Braves : LHP Matthew Spurrell
|
|
Batting: LHB Kwang-chih Men
|
0-0: Foul Ball, location: 2F 0-1: Fly out, F7 (Flyball, 78M, EV 80.6 MPH)
|
|
Batting: LHB Wing-tat Tai
|
0-0: Ball 1-0: Called Strike 1-1: Ball 2-1: Ball 3-1: Fly out, F7 (Line Drive, 7, EV 92.5 MPH)
|
|
Batting: LHB Mark Huey
|
0-0: Ground out 4-3 (Groundball, 4, EV 109.4 MPH)
|
| Bottom of the 3rd over - 0 runs, 0 hits, 0 errors, 0 left on base; Atlanta (MID) 2 - South Bend 0 |
| TOP OF THE 4TH |
|
Atlanta (MID) Braves batting - Pitching for South Bend Cubs : LHP Jose Urena
|
|
Batting: LHB Ben Goldstein
|
0-0: Ball 1-0: Ball 2-0: Called Strike 2-1: Foul Ball, location: 2F 2-2: Fly out, F4 (Popup, 4MD, EV 57.5 MPH)
|
|
Batting: RHB Brandon Burrell
|
0-0: Ball 1-0: Foul Ball, location: 2F 1-1: Swinging Strike 1-2: Ball 2-2: Ball 3-2: Fly out, F9 (Flyball, 9, EV 77.5 MPH)
|
|
Batting: RHB Badr al Din Ridha
|
0-0: Called Strike 0-1: Ball 1-1: Ball 2-1: Called Strike 2-2: Strikes out looking
|
| Top of the 4th over - 0 runs, 0 hits, 0 errors, 0 left on base; Atlanta (MID) 2 - South Bend 0 |
| BOTTOM OF THE 4TH |
|
South Bend Cubs batting - Pitching for Atlanta (MID) Braves : LHP Matthew Spurrell
|
|
Batting: RHB Leonardo Nava
|
0-0: Foul Ball, location: 2F 0-1: Ball 1-1: Called Strike 1-2: Ball 2-2: Ball 3-2: Foul Ball, location: 2F 3-2: Foul Ball, location: 2F 3-2: Fly out, F8 (Flyball, 8RD, EV 95.0 MPH)
|
|
Batting: RHB Mike Savage
|
0-0: Ball 1-0: Called Strike 1-1: Called Strike 1-2: Ball 2-2: Strikes out swinging
|
|
Batting: RHB Jose Balderrama
|
0-0: Ball 1-0: Called Strike 1-1: Swinging Strike 1-2: Strikes out swinging
|
| Bottom of the 4th over - 0 runs, 0 hits, 0 errors, 0 left on base; Atlanta (MID) 2 - South Bend 0 |
| TOP OF THE 5TH |
|
Atlanta (MID) Braves batting - Pitching for South Bend Cubs : LHP Jose Urena
|
|
Batting: RHB Ingidayehu Lagat
|
0-0: Ball 1-0: Called Strike 1-1: Foul Ball, location: 2F 1-2: Foul Ball, location: 2F 1-2: Foul Ball, location: 2F 1-2: Fly out, F8 (Flyball, 8RM, EV 75.0 MPH)
|
|
Batting: RHB David Zelaya
|
0-0: Ball 1-0: Foul Ball, location: 2F 1-1: Ground out 6-3 (Groundball, 6S, EV 86.2 MPH)
|
|
Batting: SHB Ian Arlotta
|
0-0: Called Strike 0-1: Foul Ball, location: 2F 0-2: Foul Ball, location: 2F 0-2: Ball 1-2: Foul Ball, location: 2F 1-2: Foul Ball, location: 2F 1-2: Strikes out swinging
|
| Top of the 5th over - 0 runs, 0 hits, 0 errors, 0 left on base; Atlanta (MID) 2 - South Bend 0 |
| BOTTOM OF THE 5TH |
|
South Bend Cubs batting - Pitching for Atlanta (MID) Braves : LHP Matthew Spurrell
|
|
Batting: SHB Gabriel Cruz
|
0-0: Ball 1-0: Called Strike 1-1: Foul Ball, location: 2F 1-2: Ball 2-2: Fly out, F9 (Line Drive, 89D, EV 95.6 MPH)
|
|
Batting: RHB Armando Vilano
|
0-0: Called Strike 0-1: Fly out, F8 (Flyball, 8RM, EV 91.2 MPH)
|
|
Batting: LHB Angel Oropeza
|
0-0: Called Strike 0-1: Ground out 4-3 (Groundball, 4, EV 88.1 MPH)
|
| Bottom of the 5th over - 0 runs, 0 hits, 0 errors, 0 left on base; Atlanta (MID) 2 - South Bend 0 |
| TOP OF THE 6TH |
|
Atlanta (MID) Braves batting - Pitching for South Bend Cubs : LHP Jose Urena
|
|
Batting: RHB Toki Takeuchi
|
0-0: Ball 1-0: Called Strike 1-1: Foul Ball, location: 2F 1-2: Foul Ball, location: 2F 1-2: Ground out 5-3 (Groundball, 5, EV 89.4 MPH)
|
|
Batting: RHB Joe Young
|
0-0: Called Strike 0-1: Foul Ball, location: 2F 0-2: Foul Ball, location: 2F 0-2: Foul Ball, location: 2F 0-2: DOUBLE (Line Drive, 89D, EV 105.0 MPH)
|
|
Batting: RHB Jose Ramos
|
0-0: Called Strike 0-1: TRIPLE (Line Drive, 78XD, EV 106.9 MPH) Joe Young scores
|
|
Batting: LHB Ben Goldstein
|
0-0: SINGLE (Groundball, 34D, EV 96.9 MPH) Jose Ramos scores
|
|
Batting: RHB Brandon Burrell
|
0-0: Foul Ball, location: 2F 0-1: Ball 1-1: Grounds into double play, 4-6-3 (Groundball, 4MD, EV 94.4 MPH)
|
| Top of the 6th over - 2 runs, 3 hits, 0 errors, 0 left on base; Atlanta (MID) 4 - South Bend 0 |
| BOTTOM OF THE 6TH |
|
South Bend Cubs batting - Pitching for Atlanta (MID) Braves : LHP Matthew Spurrell
|
|
Batting: LHB Kwang-chih Men
|
0-0: Ball 1-0: Foul Ball, location: 2F 1-1: Foul Ball, location: 2F 1-2: Ball 2-2: SINGLE (Groundball, 6D, EV 98.8 MPH)
|
|
Batting: LHB Wing-tat Tai
|
0-0: Called Strike 0-1: Ball 1-1: SINGLE (Groundball, 56D, EV 97.5 MPH) Kwang-chih Men to second Kwang-chih Men to third
|
|
Batting: LHB Mark Huey
|
0-0: Called Strike Wing-tat Tai is caught stealing 2nd base 2-6 0-1: Ball 1-1: Ball 2-1: Ball 3-1: Foul Ball, location: 2F 3-2: Ground out U3 (Groundball, 3, EV 78.8 MPH)
|
|
Batting: RHB Leonardo Nava
|
0-0: Called Strike 0-1: Ball 1-1: Ball 2-1: Swinging Strike 2-2: Foul Ball, location: 2F 2-2: Fly out, F8 (Flyball, 8RD, EV 101.2 MPH)
|
| Bottom of the 6th over - 0 runs, 2 hits, 0 errors, 1 left on base; Atlanta (MID) 4 - South Bend 0 |
| TOP OF THE 7TH |
|
Atlanta (MID) Braves batting - Pitching for South Bend Cubs : LHP Jose Urena
|
|
Batting: RHB Badr al Din Ridha
|
0-0: Called Strike 0-1: Ball 1-1: Ball 2-1: Ball 3-1: Ground out 5-3 (Groundball, 5, EV 88.1 MPH)
|
|
Batting: RHB Ingidayehu Lagat
|
0-0: Ball 1-0: Foul Ball, location: 2F 1-1: Ball 2-1: Ball 3-1: Called Strike 3-2: Strikes out swinging
|
|
Batting: RHB David Zelaya
|
0-0: Called Strike 0-1: Ball 1-1: Foul Ball, location: 2F 1-2: Ball 2-2: Fly out, F8 (Line Drive, 8RXD, EV 105.0 MPH)
|
| Top of the 7th over - 0 runs, 0 hits, 0 errors, 0 left on base; Atlanta (MID) 4 - South Bend 0 |
| BOTTOM OF THE 7TH |
|
South Bend Cubs batting - Pitching for Atlanta (MID) Braves : LHP Matthew Spurrell
|
|
Batting: RHB Mike Savage
|
0-0: Ball 1-0: Called Strike 1-1: Ball 2-1: Ball 3-1: Fly out, F8 (Flyball, 89M, EV 75.6 MPH)
|
|
Batting: RHB Jose Balderrama
|
0-0: Ball 1-0: DOUBLE (Flyball, 8RXD, EV 99.4 MPH)
|
|
Batting: SHB Gabriel Cruz
|
0-0: Foul Ball, location: 2F 0-1: Ball 1-1: Foul Ball, location: 2F 1-2: SINGLE (Groundball, 15S, EV 63.1 MPH) (infield hit) Jose Balderrama to third
|
|
Batting: RHB Armando Vilano
|
0-0: Called Strike Gabriel Cruz is caught stealing 2nd base 2-4 0-1: Ball 1-1: Ground out 6-3 (Groundball, 6, EV 93.8 MPH)
|
| Bottom of the 7th over - 0 runs, 2 hits, 0 errors, 1 left on base; Atlanta (MID) 4 - South Bend 0 |
| TOP OF THE 8TH |
|
Atlanta (MID) Braves batting - Pitching for South Bend Cubs : LHP Jose Urena
|
|
Pitching: RHP Jake Newman
|
|
|
Batting: SHB Ian Arlotta
|
0-0: Called Strike 0-1: Ball 1-1: Fly out, F7 (Line Drive, 7D, EV 87.5 MPH)
|
|
Batting: RHB Toki Takeuchi
|
0-0: Called Strike 0-1: Ball 1-1: Ball 2-1: Foul Ball, location: 2F 2-2: Foul Ball, location: 2F 2-2: Foul Ball, location: 2F 2-2: Strikes out swinging
|
|
Batting: RHB Joe Young
|
0-0: Ground out 4-3 (Groundball, 34D, EV 96.9 MPH)
|
| Top of the 8th over - 0 runs, 0 hits, 0 errors, 0 left on base; Atlanta (MID) 4 - South Bend 0 |
| BOTTOM OF THE 8TH |
|
South Bend Cubs batting - Pitching for Atlanta (MID) Braves : LHP Matthew Spurrell
|
|
Batting: LHB Angel Oropeza
|
0-0: Ball 1-0: Ball 2-0: Swinging Strike 2-1: Swinging Strike 2-2: Strikes out looking
|
|
Batting: LHB Kwang-chih Men
|
0-0: Swinging Strike 0-1: Fly out, F7 (Flyball, 7S, EV 87.5 MPH)
|
|
Batting: LHB Wing-tat Tai
|
0-0: Called Strike 0-1: Ball 1-1: Foul Ball, location: 2F 1-2: Ball 2-2: Strikes out swinging
|
| Bottom of the 8th over - 0 runs, 0 hits, 0 errors, 0 left on base; Atlanta (MID) 4 - South Bend 0 |
| TOP OF THE 9TH |
|
Atlanta (MID) Braves batting - Pitching for South Bend Cubs : RHP Jake Newman
|
|
Batting: RHB Jose Ramos
|
0-0: SINGLE (Line Drive, 7S, EV 112.5 MPH)
|
|
Batting: LHB Ben Goldstein
|
0-0: Ball 1-0: SINGLE (Groundball, 34D, EV 99.4 MPH) Jose Ramos to second Runner from 2nd tries for 3rd, SAFE, throw by RF made to third
|
|
Batting: RHB Brandon Burrell
|
0-0: Ball 1-0: Ball 2-0: Called Strike 2-1: DOUBLE (Groundball, 5L, EV 97.5 MPH) Jose Ramos scores Ben Goldstein to third
|
|
Pitching: RHP Jose Marrero
|
|
|
Batting: RHB Badr al Din Ridha
|
0-0: Called Strike 0-1: Ball 1-1: Ball 2-1: Swinging Strike 2-2: Strikes out swinging
|
|
Batting: RHB Ingidayehu Lagat
|
0-0: Fly out, F7 (Flyball, 7, EV 77.5 MPH)
|
|
Batting: RHB David Zelaya
|
0-0: Ball 1-0: Called Strike 1-1: Swinging Strike 1-2: SINGLE (Flyball, 4D, EV 90.6 MPH) Ben Goldstein scores Brandon Burrell to third Runner from 3rd tries for Home, throw by RF and OUT! 9-2
|
| Top of the 9th over - 2 runs, 4 hits, 0 errors, 1 left on base; Atlanta (MID) 6 - South Bend 0 |
| BOTTOM OF THE 9TH |
|
South Bend Cubs batting - Pitching for Atlanta (MID) Braves : LHP Matthew Spurrell
|
|
Batting: LHB Mark Huey
|
0-0: Ball 1-0: Called Strike 1-1: DOUBLE (Line Drive, 9LM, EV 110.0 MPH)
|
|
Batting: RHB Leonardo Nava
|
0-0: Called Strike 0-1: Swinging Strike 0-2: Strikes out swinging
|
|
Pitching: RHP Omar Orosco
|
|
|
Batting: RHB Mike Savage
|
0-0: Ball 1-0: Ball 2-0: Ball 3-0: Base on Balls
|
|
Batting: RHB Jose Balderrama
|
0-0: Called Strike 0-1: Foul Ball, location: 2F 0-2: Ball 1-2: Strikes out swinging
|
|
Batting: SHB Gabriel Cruz
|
0-0: Ball 1-0: Ground out 1-3 (Groundball, 13S, EV 72.5 MPH)
|
| Bottom of the 9th over - 0 runs, 1 hit, 0 errors, 2 left on base; Atlanta (MID) 6 - South Bend 0 |
|